 Dungeon Crawl Stone Soup version 0.28.0 (webtiles) character file.

Game seed: 14412684637768333738

67 mkm the Skirmisher (level 3, -7/34 (36) HPs)
             Began as a Minotaur Berserker on Feb 10, 2022.
             Was a Follower of Trog.
             Mangled by Sigmund (10 damage)
             ... on level 2 of the Dungeon.
             The game lasted 00:06:35 (2041 turns).

mkm the Skirmisher (Minotaur Berserker)             Turns: 2041, Time: 00:06:35

HP:   -7/34 (36)    AC:  2    Str: 21    XL:     3   Next: 98%
MP:   2/2           EV: 12    Int:  4    God:    Trog [*.....]
Gold: 46            SH:  0    Dex: 11    Spells: 2/2 levels left

rFire   . . .      SeeInvis .   a - +0 mace
rCold   . . .      Faith    .   (no shield)
rNeg    . . .      Spirit   .   b - +0 animal skin
rPois   .          Reflect  .   (helmet restricted)
rElec   .          Harm     .   (no cloak)
rCorr   .          Rampage  .   (no gloves)
Will    ++...                   (no boots)
Stlth   +.........              (no amulet)
HPRegen 1.11/turn               (no ring)
MPRegen 0.08/turn               (no ring)

@: mighty, strong-willed, on berserk cooldown, regenerating, slowed, drained,
very slow
A: horns 2, retaliatory headbutt
a: Renounce Religion, Berserk


You were on level 2 of the Dungeon.
You worshipped Trog.
Trog was aware of your devotion.
You visited 1 branch of the dungeon, and saw 2 of its levels.

You collected 46 gold pieces.

Inventory:

Hand Weapons
 a - a +0 mace (weapon)
Armour
 b - a +0 animal skin (worn)
 m - a +1 chain mail of fire resistance
Scrolls
 d - 2 scrolls of teleportation
 e - a scroll of enchant armour {unknown}
 i - a scroll of immolation {unknown}
 j - a scroll of magic mapping {unknown}
Potions
 c - a potion of heal wounds {unknown}
 f - a potion of curing
 h - a potion of haste
 k - a potion of attraction {unknown}


   Skills:
 + Level 5.0 Fighting
 - Level 3.6 Maces & Flails
 + Level 3.0 Armour
 + Level 3.1 Dodging


You had 2 spell levels left.
You didn't know any spells.
Your spell library was empty.

Dungeon Overview and Level Annotations

Branches:
Dungeon (2/15)

Altars:
Uskayaw

Annotations:
D:2 Sigmund


Innate Abilities, Weirdness & Mutations

You have a pair of horns on your head.
You reflexively headbutt those who attack you in melee.


Message History

Sigmund points at you and mumbles some strange words.
The puff of flame hits you!
Your skin crawls.
You feel strong-willed.
A red film seems to cover your vision as you go berserk!
You feel yourself moving faster!
You feel mighty!
You can no longer call upon Trog for regeneration and willpower.
Sigmund casts a spell at you. The magic dart hits you!
You feel a strong urge to attack something.
Sigmund mumbles some strange words.
Sigmund flickers and vanishes!
Deactivating autopickup; reactivate with Ctrl-A.
You miss something. Something hits you!
You sock something! Your headbutt misses something. You barely miss something.
Something hits you.
You closely miss something. You miss something. Your headbutt misses something.
You hear some strange, mumbled words.
A magic dart appears from out of thin air!
The magic dart hits you!
You miss something. You headbutt something!
You are no longer berserk.
You are exhausted.
You feel yourself slow down.
You hear some strange, mumbled words.
Something tries to affect you, but you resist.
You completely miss something. Your headbutt misses something.
You hear some strange, mumbled words.
A puff of flame appears from out of thin air!
The puff of flame hits you!
* * * LOW HITPOINT WARNING * * *
You feel very mighty all of a sudden.
You hear some strange, mumbled words.
A magic dart appears from out of thin air!
The magic dart hits you!
* * * LOW HITPOINT WARNING * * *
Something hits you but does no damage.
You completely miss something. Something hits you!
You die...

# ######### #.
#.......# ..
#.#####.#
#.####.#####.#
#....@....##.#
######{##.##<#
#.......#
#.......#
#.......#
#.#..[#.#
#.##.##.#
#.##.##.##
#........#


There were no monsters in sight!

Vanquished Creatures
  Terence (D:2)
  2 bats (D:1)
  4 endoplasms (D:1)
  A giant cockroach (D:1)
  3 goblins
  5 hobgoblins (D:1)
  8 jackals (D:1)
  2 quokkas (D:1)
  A ball python (D:1)
  4 frilled lizards
  5 rats (D:1)
36 creatures vanquished.

Notes
Turn   | Place    | Note
-------+----------+-------------------------------------------
     0 | D:1      | mkm the Minotaur Berserker began the quest for the Orb.
     0 | D:1      | Reached XP level 1. HP: 19/19 MP: 0/0
   164 | D:1      | Reached skill level 4 in Fighting
   182 | D:1      | Reached XP level 2. HP: 27/27 MP: 1/1
   456 | D:1      | Found a faded altar of an unknown god.
   845 | D:1      | Reached ** piety under Trog
  1286 | D:1      | Reached XP level 3. HP: 34/34 MP: 2/2
  1453 | D:2      | Found a hide-covered altar of Uskayaw.
  1476 | D:2      | Noticed Terence
  1562 | D:2      | Killed Terence
  1563 | D:2      | Reached skill level 5 in Fighting
  1861 | D:2      | Noticed Sigmund
  2040 | D:2      | HP: 1/34 [something/magic dart (7)]
  2041 | D:2      | Mangled by Sigmund

Illustrated notes

Levels and vault maps discovered:
D:1:      ncdulo_halloftheorcs, layout_basic, ebering_ecumenical_altar_mist,
          amethyst_killhole, minmay_cut_off
D:2:      layout_loops_cross, basic_altar, serial_shops, shop, uniq_sigmund,
          uniq_terence

Skill      XL: |  1  2  3 |
---------------+----------+-----
Fighting       | 4 5 |  5.0
Armour         | 3 |  3.0
Dodging        | 3 |  3.1
Maces & Flails | |  3.6

Action                   || total
-------------------------++-------
Melee: Mace              ||    77
       Headbutt          ||    11
Invok: Berserk           ||     3
       Trog's Hand       ||     1
  Use: Scroll            ||     5
       Potion            ||     1
Armor: Animal skin       ||    11
Dodge: Dodged            ||    52
